 Dungeon Crawl Stone Soup version 0.22.0-38-g04b72b8 (webtiles) character file.

171 HallandMoats the Skirmisher (level 5, -1/42 HPs)
             Began as a Demonspawn Fighter on Aug 30, 2018.
             Was an Initiate of Okawaru.
             Slain by an orc
             ... wielding a +0 trident
              (6 damage)
             ... on level 3 of the Dungeon.
             The game lasted 00:03:18 (2616 turns).

HallandMoats the Skirmisher (Demonspawn Fighter)    Turns: 2616, Time: 00:03:19

Health: -1/42      AC: 10    Str: 17    XL:     5   Next: 26%
Magic:  6/6        EV: 10    Int: 10    God:    Okawaru [......]
Gold:   191        SH:  0    Dex: 12    Spells: 4/4 levels left

rFire    . . .     SeeInvis .     - Unarmed
rCold    . . .     Gourm    .   (no shield)
rNeg     . . .     Faith    .   a - +0 scale mail
rPois    .         Spirit   .   (helmet restricted)
rElec    .         Reflect  .   j - +2 cloak
rCorr    .         Harm     .   (no gloves)
MR       .....                  (no boots)
Stlth    ..........             (no amulet)
HPRegen  0.14/turn              (no ring)
MPRegen  0.10/turn              (no ring)

@: no status effects
A: horns 1, talons 1
a: Renounce Religion


You were on level 3 of the Dungeon.
You worshipped Okawaru.
Okawaru was noncommittal.
You were hungry.

You visited 1 branch of the dungeon, and saw 3 of its levels.

You collected 191 gold pieces.

Inventory:

Armour
 a - a +0 scale mail (worn)
 b - a +0 shield
 j - a +2 cloak (worn)
Jewellery
 t - an uncursed ring of positive energy {unknown}
Wands
 n - a wand of polymorph (19)
Scrolls
 d - 3 scrolls of remove curse {unknown}
 e - a scroll of teleportation {unknown}
 g - a scroll of amnesia {unknown}
 l - 3 scrolls of enchant armour {unknown}
 m - a scroll of random uselessness {unknown}
 o - a scroll of enchant weapon {unknown}
 r - a scroll of identify {unknown}
 s - a scroll of immolation {unknown}
 v - a scroll of noise {unknown}
Potions
 c - a potion of might
 h - 3 potions of haste {unknown}
 i - 2 potions of ambrosia {unknown}
 k - 2 potions of flight {unknown}
 p - 2 potions of curing {unknown}
 u - a potion of degeneration {unknown}
Comestibles
 f - 5 rations
 q - 3 chunks of flesh


   Skills:
 * Level 4.0 Fighting
 + Level 3.2 Armour
 + Level 1.3 Dodging
 - Level 2.6 Shields
 * Level 3.1 Unarmed Combat
 + Level 1.6 Invocations
 * Level 0.6 Evocations


You had 4 spell levels left.
You didn't know any spells.
Your spell library was empty.

Dungeon Overview and Level Annotations

Branches:
Dungeon (3/15)

Altars:
Okawaru
Wu Jian

Annotations:
D:3 Grinder


Innate Abilities, Weirdness & Mutations

You have a pair of small horns on your head.
You have sharp toenails.


Message History

Reactivating autopickup.
Your Fighting skill increases to level 4!
You feel a bit more experienced. Grinder hits you but does no damage.
You barely miss the orc. You claw the orc.
The orc is severely wounded.
The orc hits you but does no damage. Grinder hits you.
You writhe in agony.
You closely miss the orc. You claw the orc.
You kill the orc!
Okawaru accepts your kill. Grinder hits you but does no damage.
You closely miss the orc. Grinder hits you.
You writhe in agony.
You punch the orc! You claw the orc.
You kill the orc!
Okawaru accepts your kill. The orc barely misses you. Grinder hits you.
* * * LOW HITPOINT WARNING * * *
You writhe in agony.
* * * LOW HITPOINT WARNING * * *
The orc hits you with a trident.
You die...

...... . #....# #.
#....### #. ...... .# #.
#$..# .# ##.#. #...# .#
#.....####...# .#
#o@.5...# .#
#.....#####..###.#
##.#.........#...#
..#######......#
############## ##.#.###
#............# ##.#..#
#.##########.####.###[##
#.# #...)....#..# #(#.#
######.#.#.##


You could see Grinder and an orc.

Vanquished Creatures
  A bullfrog (D:2)
  An orc wizard (D:3)
  Terence (D:2)
  A dart slug (D:2)
  A leopard gecko (D:1)
  3 orcs (D:3)
  7 bats
  4 giant cockroaches
  7 goblins
  4 hobgoblins
  2 jackals (D:1)
  4 kobolds
  A ball python (D:1)
  5 frilled lizards (D:2)
  7 rats
49 creatures vanquished.

Notes
Turn   | Place    | Note
-------+----------+-------------------------------------------
     0 | D:1      | HallandMoats the Demonspawn Fighter began the quest for the Orb.
     0 | D:1      | Reached XP level 1. HP: 18/18 MP: 1/1
     0 | D:1      | Noticed a centaur
     0 | D:1      | Noticed an octopode
     6 | D:1      | Noticed a felid
     6 | D:1      | Noticed a centaur
     8 | D:1      | Noticed a minotaur
     8 | D:1      | Noticed a draconian
    10 | D:1      | Noticed a naga
    12 | D:1      | Noticed an elf
    13 | D:1      | Noticed a vampire
    17 | D:1      | Noticed a vampire
    18 | D:1      | Noticed a centaur
    19 | D:1      | Noticed a naga
    19 | D:1      | Noticed a minotaur
    21 | D:1      | Noticed a naga
    21 | D:1      | Noticed an elf
    21 | D:1      | Noticed a naga
    23 | D:1      | Noticed a draconian
    23 | D:1      | Noticed a dwarf
    25 | D:1      | Noticed an ogre
   456 | D:1      | Gained mutation: You have a pair of small horns on your head. [demonic ancestry]
   456 | D:1      | Reached XP level 2. HP: 23/24 MP: 2/2
  1141 | D:2      | Gained mutation: You have sharp toenails. [demonic ancestry]
  1141 | D:2      | Reached XP level 3. HP: 29/29 MP: 3/3
  1187 | D:2      | Found an iron altar of Okawaru.
  1195 | D:2      | Became a worshipper of Warmaster Okawaru
  1252 | D:2      | Noticed a bullfrog
  1281 | D:2      | Killed a bullfrog
  1281 | D:2      | Reached skill level 1 in Dodging
  1281 | D:2      | Reached skill level 1 in Invocations
  1281 | D:2      | Reached XP level 4. HP: 16/37 MP: 4/4
  1594 | D:2      | Noticed Terence
  1643 | D:2      | Killed Terence
  2413 | D:3      | Found an ornate altar of the Wu Jian Council.
  2520 | D:3      | Reached XP level 5. HP: 40/42 MP: 6/6
  2596 | D:3      | Noticed Grinder
  2611 | D:3      | Reached skill level 4 in Fighting
  2616 | D:3      | Slain by an orc

Skill      XL: |  1  2  3  4  5 |
---------------+----------------+-----
Unarmed Combat | 2 3 |  3.1
Armour         | 3 |  3.2
Dodging        | 1 |  1.3
Invocations    | 1 |  1.6
Fighting       | 4 |  4.0
Shields        | |  2.6
Evocations     | |  0.6

Action                   |  1- 3 |  4- 6 || total
-------------------------+-------+-------++-------
Melee: Unarmed           |   141 |    78 ||   219
       Headbutt          |    10 |     7 ||    17
       Kick              |     3 |    16 ||    19
       Punch             |       |     1 ||     1
  Eat: Chunk             |     1 |     4 ||     5
Armor: Scale mail        |   112 |    18 ||   130
Dodge: Dodged            |   108 |    28 ||   136
